PUBCOL
MANSFIELD COLLEGE WHITE WINGS @ GROVE CITY COLLEGE FIREWALKERS
04/28/1972
 
TOP OF THE 1ST
Inglewood College Griffins batting - Pitching for Cape May College Landslide : RHP George Montgomery
Pitching: RHP George Montgomery
Batting: LHB Bo Jones 0-0: Bunt for hit to 3S - play at first, batter OUT! 3-4
Batting: LHB Frank Hudson 0-0: Ground out 4-3 (Groundball, 4S, EV 91.9 MPH)
Batting: RHB Carter Jones 0-0: Swinging Strike
0-1: Swinging Strike
0-2: Foul Ball, location: 2F
0-2: Strikes out swinging
Top of the 1st over - 0 runs, 0 hits, 0 errors, 0 left on base; Inglewood College 0 - Cape May College 0
BOTTOM OF THE 1ST
Cape May College Landslide batting - Pitching for Inglewood College Griffins : RHP Tim Gardner
Pitching: RHP Tim Gardner
Batting: LHB Lou McCarty 0-0: Called Strike
0-1: Ball
1-1: Ball
2-1: Ball
3-1: Base on Balls
Batting: RHB Juan Santos 0-0: Ball
Lou McCarty steals 2nd base
1-0: Called Strike
1-1: Swinging Strike
1-2: Strikes out swinging
Batting: LHB Harvey Moneur 0-0: Ball
1-0: Called Strike
Lou McCarty steals 3rd base
1-1: Foul Ball, location: 2F
1-2: Fly out, F7 (Flyball, 7LM, EV 101.2 MPH)
Runner from 3rd tags up, SCORES, throw by LF
Batting: LHB Willie Towns 0-0: Ball
1-0: Ground out 4-3 (Groundball, 4, EV 108.8 MPH)
Bottom of the 1st over - 1 run, 0 hits, 0 errors, 0 left on base; Inglewood College 0 - Cape May College 1
TOP OF THE 2ND
Inglewood College Griffins batting - Pitching for Cape May College Landslide : RHP George Montgomery
Batting: LHB Jesús Acevedo 0-0: Called Strike
0-1: Ball
1-1: Ball
2-1: Called Strike
2-2: Ball
3-2: Base on Balls
Batting: RHB Norm Park 0-0: Called Strike
0-1: Fly out, F5 (Popup, 56, EV 65.0 MPH)
Batting: LHB Mike Bandy 0-0: Foul Ball, location: 2F
0-1: Foul Ball, location: 2F
0-2: Ball
1-2: Ball
2-2: Strikes out looking
Batting: SHB José García 0-0: Ball
1-0: Foul Ball, location: 2F
1-1: Swinging Strike
1-2: Strikes out swinging
Top of the 2nd over - 0 runs, 0 hits, 0 errors, 1 left on base; Inglewood College 0 - Cape May College 1
BOTTOM OF THE 2ND
Cape May College Landslide batting - Pitching for Inglewood College Griffins : RHP Tim Gardner
Batting: RHB Josh McCrory 0-0: SINGLE (Line Drive, 8RS, EV 94.4 MPH)
Batting: RHB Bryan O'Neil 0-0: Ball
1-0: Grounds into double play, 5-4-3 (Groundball, 5S, EV 88.8 MPH)
Batting: RHB Wally Ford 0-0: Ball
1-0: Called Strike
1-1: Called Strike
1-2: Ball
2-2: SINGLE (Groundball, 34D, EV 96.9 MPH)
Batting: SHB Hugh Underwood 0-0: Swinging Strike
0-1: Ball
1-1: Foul Ball, location: 2F
1-2: Foul Ball, location: 2F
1-2: Strikes out swinging
Bottom of the 2nd over - 0 runs, 2 hits, 0 errors, 1 left on base; Inglewood College 0 - Cape May College 1
TOP OF THE 3RD
Inglewood College Griffins batting - Pitching for Cape May College Landslide : RHP George Montgomery
Batting: RHB Vicente García 0-0: Ball
1-0: Foul Ball, location: 2F
1-1: Swinging Strike
1-2: Strikes out swinging
Batting: RHB Jim Shaeffer 0-0: Ball
1-0: Foul Ball, location: 2F
1-1: Foul Ball, location: 2F
1-2: Ground out 5-3 (Groundball, 5S, EV 88.8 MPH)
Batting: LHB Bo Jones 0-0: Ball
1-0: Called Strike
1-1: Ball
2-1: Swinging Strike
2-2: Strikes out swinging
Top of the 3rd over - 0 runs, 0 hits, 0 errors, 0 left on base; Inglewood College 0 - Cape May College 1
BOTTOM OF THE 3RD
Cape May College Landslide batting - Pitching for Inglewood College Griffins : RHP Tim Gardner
Batting: RHB Rod Lucas 0-0: Ball
1-0: Fly out, F7 (Flyball, 78M, EV 96.2 MPH)
Batting: LHB Lou McCarty 0-0: Ball
1-0: Ground out U3 (Groundball, 3, EV 102.5 MPH)
Batting: RHB Juan Santos 0-0: Foul Ball, location: 2F
0-1: Fly out, F9 (Flyball, 89XD, EV 101.2 MPH)
Bottom of the 3rd over - 0 runs, 0 hits, 0 errors, 0 left on base; Inglewood College 0 - Cape May College 1
TOP OF THE 4TH
Inglewood College Griffins batting - Pitching for Cape May College Landslide : RHP George Montgomery
Batting: LHB Frank Hudson 0-0: Ball
1-0: Ball
2-0: Reached on error, E9 (Line Drive, 9D, EV 96.9 MPH)
Batting: RHB Carter Jones 0-0: Ball
1-0: Called Strike
1-1: Ball
2-1: Ball
3-1: Foul Ball, location: 2F
3-2: Fly out, F8 (Line Drive, 8LD, EV 98.1 MPH)
Runner from 2nd tags up, SAFE at 3rd with throw by CF
Pitching: LHP Jack Norman
Batting: LHB Jesús Acevedo 0-0: Ball
1-0: Ball
2-0: Ball
3-0: Base on Balls
Batting: RHB Norm Park 0-0: Ball
1-0: Ball
2-0: Ball
3-0: Base on Balls
Jesús Acevedo to second
Pinch Hitting: RHB Denny Jackson 0-0: Ball
1-0: Foul Ball, location: 2F
1-1: Ball
2-1: Ball
3-1: Called Strike
3-2: Foul Ball, location: 2F
3-2: Foul Ball, location: 2F
3-2: Fly out, F2 (Popup, 2LF, EV 91.2 MPH)
Batting: SHB José García 0-0: Called Strike
0-1: Swinging Strike
0-2: Strikes out swinging
Top of the 4th over - 0 runs, 0 hits, 1 error, 3 left on base; Inglewood College 0 - Cape May College 1
BOTTOM OF THE 4TH
Cape May College Landslide batting - Pitching for Inglewood College Griffins : RHP Tim Gardner
Now at 1B: Jorge Chávez
Batting: LHB Harvey Moneur 0-0: Ball
1-0: Fly out, F7 (Flyball, 78D, EV 93.8 MPH)
Batting: LHB Willie Towns 0-0: Called Strike
0-1: Called Strike
0-2: Ball
1-2: Strikes out swinging
Batting: RHB Josh McCrory 0-0: Ball
1-0: Foul Ball, location: 2F
1-1: Fly out, F3 (Popup, 34, EV 80.0 MPH)
Bottom of the 4th over - 0 runs, 0 hits, 0 errors, 0 left on base; Inglewood College 0 - Cape May College 1
TOP OF THE 5TH
Inglewood College Griffins batting - Pitching for Cape May College Landslide : LHP Jack Norman
Batting: RHB Vicente García 0-0: Called Strike
0-1: Foul Ball, location: 2F
0-2: Ball
1-2: Foul Ball, location: 2F
1-2: Strikes out swinging
Batting: RHB Jim Shaeffer 0-0: Fly out, F8 (Flyball, 8LXD, EV 103.1 MPH)
Batting: LHB Bo Jones 0-0: Ball
1-0: Ball
2-0: Called Strike
2-1: Ball
3-1: Base on Balls
Batting: LHB Frank Hudson 0-0: Ball
Bo Jones steals 2nd base
1-0: Ball
2-0: Called Strike
2-1: Ball
3-1: Swinging Strike
3-2: Foul Ball, location: 2F
3-2: Base on Balls
Batting: RHB Carter Jones 0-0: Ball
1-0: SINGLE (Line Drive, 6D, EV 95.0 MPH)
Bo Jones to third
Frank Hudson to second
Runner from 3rd tries for Home, SAFE, throw by CF to home
Batting: LHB Jesús Acevedo 0-0: Ball
1-0: Foul Ball, location: 2F
1-1: Called Strike
1-2: Ball
2-2: Foul Ball, location: 2F
2-2: Ball
3-2: Base on Balls
Frank Hudson to third
Carter Jones to second
Batting: RHB Norm Park 0-0: Foul Ball, location: 2F
0-1: Ball
1-1: Ball
2-1: Foul Ball, location: 2F
2-2: Strikes out looking
Top of the 5th over - 1 run, 1 hit, 0 errors, 3 left on base; Inglewood College 1 - Cape May College 1
BOTTOM OF THE 5TH
Cape May College Landslide batting - Pitching for Inglewood College Griffins : RHP Tim Gardner
Batting: RHB Bryan O'Neil 0-0: Swinging Strike
0-1: Ball
1-1: Called Strike
1-2: Ball
2-2: Strikes out swinging
Batting: RHB Wally Ford 0-0: Ball
1-0: Ball
2-0: Swinging Strike
2-1: Ball
3-1: Called Strike
3-2: Strikes out swinging
Batting: SHB Hugh Underwood 0-0: Ball
1-0: Ball
2-0: Ball
3-0: Called Strike
3-1: Fly out, F8 (Flyball, 8RD, EV 98.8 MPH)
Bottom of the 5th over - 0 runs, 0 hits, 0 errors, 0 left on base; Inglewood College 1 - Cape May College 1
TOP OF THE 6TH
Inglewood College Griffins batting - Pitching for Cape May College Landslide : LHP Jack Norman
Batting: SHB Jorge Chávez 0-0: Ball
1-0: Called Strike
1-1: Ball
2-1: Ground out 1-3 (Groundball, 34S, EV 69.4 MPH)
Batting: SHB José García 0-0: Swinging Strike
0-1: Fly out, F7 (Line Drive, 7, EV 92.5 MPH)
Batting: RHB Vicente García 0-0: Fly out, F4 (Popup, 4MS, EV 65.6 MPH)
Top of the 6th over - 0 runs, 0 hits, 0 errors, 0 left on base; Inglewood College 1 - Cape May College 1
BOTTOM OF THE 6TH
Cape May College Landslide batting - Pitching for Inglewood College Griffins : RHP Tim Gardner
Batting: RHB Rod Lucas 0-0: Called Strike
0-1: Ball
1-1: Swinging Strike
1-2: Strikes out looking
Batting: LHB Lou McCarty 0-0: Ball
1-0: DOUBLE (Flyball, 8LXD, EV 108.8 MPH)
Batting: RHB Juan Santos 0-0: Ball
1-0: Foul Ball, location: 2F
1-1: Swinging Strike
1-2: Ball
2-2: Ball
3-2: Base on Balls
Batting: LHB Harvey Moneur 0-0: Foul Ball, location: 2F
0-1: Ball
1-1: Swinging Strike
1-2: Foul Ball, location: 2F
1-2: Foul Ball, location: 2F
1-2: Strikes out swinging
Batting: LHB Willie Towns 0-0: Ball
1-0: Called Strike
1-1: Ball
2-1: Ball
3-1: Called Strike
3-2: Base on Balls
Lou McCarty to third
Juan Santos to second
Batting: RHB Josh McCrory 0-0: Called Strike
0-1: Foul Ball, location: 2F
0-2: Foul Ball, location: 7LSF, Error on foul ball, E7
0-2: Ball
1-2: Foul Ball, location: 2F
1-2: Foul Ball, location: 2F
1-2: Fielders Choice at 2nd, 5-4 (Groundball, 56, EV 98.1 MPH)
Bottom of the 6th over - 0 runs, 1 hit, 1 error, 3 left on base; Inglewood College 1 - Cape May College 1
TOP OF THE 7TH
Inglewood College Griffins batting - Pitching for Cape May College Landslide : LHP Jack Norman
Batting: RHB Jim Shaeffer 0-0: Ball
1-0: Ball
2-0: Called Strike
2-1: Ball
3-1: Base on Balls
Batting: LHB Bo Jones 0-0: Sac Bunt to 5S - play at first, batter OUT! 5-4
Jim Shaeffer to second
Batting: LHB Frank Hudson 0-0: Ball
1-0: Ball
2-0: Called Strike
2-1: Foul Ball, location: 2F
2-2: Ground out 4-3 (Groundball, 34D, EV 100.0 MPH)
Jim Shaeffer to third
Batting: RHB Carter Jones 0-0: Called Strike
0-1: Fly out, F9 (Flyball, 9D, EV 98.1 MPH)
Top of the 7th over - 0 runs, 0 hits, 0 errors, 1 left on base; Inglewood College 1 - Cape May College 1
BOTTOM OF THE 7TH
Cape May College Landslide batting - Pitching for Inglewood College Griffins : RHP Tim Gardner
Batting: RHB Bryan O'Neil 0-0: Ball
1-0: Swinging Strike
1-1: Ball
2-1: Foul Ball, location: 2F
2-2: Ground out U3 (Groundball, 34S, EV 86.9 MPH)
Batting: RHB Wally Ford 0-0: Called Strike
0-1: Ball
1-1: SINGLE (Flyball, 4D, EV 90.6 MPH)
Batting: SHB Hugh Underwood 0-0: Called Strike
0-1: Swinging Strike
0-2: SINGLE (Groundball, 34D, EV 106.2 MPH)
Wally Ford to second
Runner from 2nd tries for 3rd, SAFE, throw by RF made to third
Hugh Underwood to second
Batting: RHB Rod Lucas 0-0: Ball
1-0: Called Strike
1-1: Ball
2-1: Called Strike
2-2: Ball
3-2: Strikes out swinging
Batting: LHB Lou McCarty 0-0: Called Strike
0-1: Ball
1-1: Called Strike
1-2: Foul Ball, location: 2F
1-2: Foul Ball, location: 2F
1-2: Ball
2-2: DOUBLE (Line Drive, 7LM, EV 105.6 MPH)
Wally Ford scores
Hugh Underwood scores
Batting: RHB Juan Santos 0-0: Called Strike
0-1: Ball
1-1: Ball
2-1: Foul Ball, location: 2F
2-2: Strikes out swinging
Bottom of the 7th over - 2 runs, 3 hits, 0 errors, 1 left on base; Inglewood College 1 - Cape May College 3
TOP OF THE 8TH
Inglewood College Griffins batting - Pitching for Cape May College Landslide : LHP Jack Norman
Batting: LHB Jesús Acevedo 0-0: Called Strike
0-1: Swinging Strike
0-2: Fly out, F8 (Line Drive, 8LD, EV 100.0 MPH)
Batting: RHB Norm Park 0-0: Ball
1-0: Ball
2-0: Ball
3-0: Base on Balls
Pitching: RHP Jim Johnson
Batting: SHB Jorge Chávez 0-0: Called Strike
0-1: Foul Ball, location: 2F
0-2: Ball
1-2: SINGLE (Groundball, 4MD, EV 96.2 MPH)
Norm Park to second
Batting: SHB José García 0-0: Ball
1-0: Fielders Choice at 3rd, U5 (Groundball, 5L, EV 83.8 MPH)
Jorge Chávez to second
Batting: RHB Vicente García 0-0: Called Strike
0-1: Swinging Strike
0-2: Ball
1-2: Ball
2-2: Foul Ball, location: 2F
2-2: Ball
3-2: Fly out, F9 (Flyball, 9LM, EV 93.8 MPH)
Top of the 8th over - 0 runs, 1 hit, 0 errors, 2 left on base; Inglewood College 1 - Cape May College 3
BOTTOM OF THE 8TH
Cape May College Landslide batting - Pitching for Inglewood College Griffins : RHP Tim Gardner
Batting: LHB Harvey Moneur 0-0: Ground out 4-3 (Groundball, 34, EV 94.4 MPH)
Batting: LHB Willie Towns 0-0: Ground out 4-3 (Groundball, 34, EV 86.2 MPH)
Batting: RHB Josh McCrory 0-0: Called Strike
0-1: Foul Ball, location: 2F
0-2: Ball
1-2: Ball
2-2: Ball
3-2: Base on Balls
Batting: RHB Bryan O'Neil 0-0: Ball
1-0: Ball
2-0: Swinging Strike
2-1: Ball
3-1: Fielders Choice at 2nd, 6-4 (Groundball, 6, EV 98.8 MPH)
Bottom of the 8th over - 0 runs, 0 hits, 0 errors, 1 left on base; Inglewood College 1 - Cape May College 3
TOP OF THE 9TH
Inglewood College Griffins batting - Pitching for Cape May College Landslide : RHP Jim Johnson
Now in LF: Werner DeJong
Batting: RHB Jim Shaeffer 0-0: Ball
1-0: Foul Ball, location: 2F
1-1: Swinging Strike
1-2: Foul Ball, location: 2F
1-2: Ball
2-2: Strikes out swinging
Batting: LHB Bo Jones 0-0: Ball
1-0: Ball
2-0: Called Strike
2-1: Ground out 5-3 (Groundball, 56, EV 88.8 MPH)
Batting: LHB Frank Hudson 0-0: Ground out 4-3 (Groundball, 4, EV 91.2 MPH)
Top of the 9th over - 0 runs, 0 hits, 0 errors, 0 left on base; Inglewood College 1 - Cape May College 3
Monday, March 4th , 2024 - OOTP Baseball 24.8 Build 75